 Dungeon Crawl Stone Soup version 0.30-a0-1050-g2766ea1e55 (webtiles) character file.

Game seed: 10070073965946904703

1668 MacCMillion the Skirmisher (level 8, -3/62 HPs)
             Began as a Demigod Hunter on Apr 11, 2023.
             Slain by an ogre
             ... wielding a +0 giant club
              (23 damage)
             ... on level 6 of the Dungeon.
             The game lasted 00:11:12 (8403 turns).

MacCMillion the Skirmisher (Demigod Hunter)         Turns: 8403, Time: 00:11:13

Health: -3/62      AC:  7    Str: 10 (12) XL:     8   Next: 42%
Magic:  10/10      EV: 13    Int: 11      God:
Gold:   207        SH:  0    Dex: 24 (25) Spells: 7/7 levels left

rFire   . . .      SeeInvis .    a - +0 shortbow
rCold   + . .      Faith    .    (shield currently unavailable)
rNeg    . . .      Spirit   .    w - +1 leather armour {rC+}
rPois   .          Reflect  .    q - +2 hat
rElec   .          Rampage  .    (no cloak)
rCorr   +                        v - +0 pair of gloves
Will    .....                    (no boots)
Stlth   ++                       (no amulet)
HPRegen 0.30/turn                p - ring of resist corrosion
MPRegen 0.12/turn                (no ring)

@: no status effects
A: high MP 1, forlorn, divine attributes
a: no special abilities


You were on level 6 of the Dungeon.
You visited 1 branch of the dungeon, and saw 6 of its levels.
You also visited: Sewer.

You collected 229 gold pieces.
You spent 22 gold pieces at shops.

Inventory:

Hand Weapons
 a - a +0 shortbow (weapon)
Armour
 q - a +2 hat (worn)
 v - a +0 pair of gloves (worn)
 w - a +1 leather armour of cold resistance (worn)
Jewellery
 p - a ring of resist corrosion (left hand)
Wands
 t - a wand of iceblast (1)
 u - a wand of polymorph (4)
Scrolls
 b - a scroll of immolation
 c - a scroll of fog {unknown}
 d - a scroll of vulnerability
 e - a scroll of torment
 g - a scroll of fear
 l - 2 scrolls of enchant armour
 m - 2 scrolls of teleportation
 s - a scroll of butterflies {unknown}
Potions
 f - a potion of lignification
 h - a potion of heal wounds {unknown}
 i - a potion of cancellation
 j - 2 potions of might
 n - 3 potions of mutation
 r - a potion of brilliance {unknown}
 x - a potion of invisibility {unknown}


   Skills:
 + Level 2.5 Fighting
 * Level 10.3 Ranged Weapons
 + Level 2.5 Dodging
 - Level 2.0 Stealth


You had 7 spell levels left.
You didn't know any spells.
Your spell library contained the following spells:

 Spells                   Type           Power      Damage    Failure   Level
 Ozocubu's Armour         Ice            0%         N/A       82%         3
 Ozocubu's Refrigeration  Ice            0%         4d7       100%        7


Dungeon Overview and Level Annotations

Branches:
Dungeon (6/15)             Temple (0/1) D:4           Sewer (visited)

Shops:
D:3 *   D:4 [

Annotations:
D:3 1 runed translucent door, dluga93's ghost, amateur OpFE


Innate Abilities, Weirdness & Mutations

You have an increased reservoir of magic. (+10% MP)
You shall have no god before yourself.
Your divine heritage dramatically boosts your attributes as you level up.


Message History

You shoot an arrow.
The arrow hits the ogre but does no damage.
The ogre is moderately wounded.
The ogre hits you with a +0 giant club.
You shoot an arrow. The arrow hits the ogre.
The ogre is heavily wounded.
The ogre hits you with a +0 giant club!!
You are too injured to fight recklessly!
You are too injured to fight recklessly!
You are too injured to fight recklessly!
Fire: a) +0 shortbow
Press: ? - help, Q - select action, (/) - cycle Shift-Dir - straight line, f/p - ogre
Aim: an ogre, wielding a +0 giant club (heavily wounded, 81% to hit)
You shoot an arrow.
The arrow hits the ogre but does no damage.
The ogre is heavily wounded.
Fire: a) +0 shortbow
Press: ? - help, Q - select action, (/) - cycle Shift-Dir - straight line, f/p - ogre
Aim: an ogre, wielding a +0 giant club (heavily wounded, 81% to hit)
You shoot an arrow. The arrow completely misses the ogre.
The ogre misses you.
Fire: a) +0 shortbow
Press: ? - help, Q - select action, (/) - cycle Shift-Dir - straight line, f/p - ogre
Aim: an ogre, wielding a +0 giant club (heavily wounded, 81% to hit)
You shoot an arrow. The arrow hits the ogre.
The ogre is severely wounded.
The ogre hits you with a +0 giant club!
Unknown command.
Fire: a) +0 shortbow
Press: ? - help, Q - select action, (/) - cycle Shift-Dir - straight line, f/p - ogre
Aim: an ogre, wielding a +0 giant club (severely wounded, 81% to hit)
You shoot an arrow. The arrow hits the ogre.
The ogre is almost dead.
Fire: a) +0 shortbow
Press: ? - help, Q - select action, (/) - cycle Shift-Dir - straight line, f/p - ogre
Aim: an ogre, wielding a +0 giant club (almost dead, 81% to hit)
You shoot an arrow. The arrow hits the ogre.
The ogre is almost dead.
The ogre hits you with a +0 giant club!!
You die...

................# #.#
###############.######.# #..
#.......#......#####..
#.......#.........##.#
#.......#.........##.# ####
#.......#.........##.# ...#
#.......#.........##.#
...######......[#O...........#
................@........)..>#
...######.................##.#
...######...........########)#
...#................# #.#
....................# #.#
..##.........##.....# ######.#
#.##.........##.....# #...##.#...
#.##.........##.....# #...##.##.#
#.##.........##.....###...##.##.#


You could see an ogre.

Vanquished Creatures
  2 water moccasins
  An orc warrior (D:6)
  A black bear (D:5)
  3 ogres
  2 kobold brigands
  2 bullfrogs (D:6)
  3 scorpions
  A gnoll bouda (D:5)
  4 orc priests
  A hound (D:5)
  3 jellies
  An iguana (D:6)
  3 orc wizards (D:5)
  3 gnolls (D:5)
  4 adders
  A shadow imp (D:6)
  2 ufetubi
  4 worms
  A dart slug (D:4)
  27 orcs
  3 endoplasms
  3 giant cockroaches (D:4)
  10 goblins
  2 hobgoblins
  6 jackals
  8 quokkas
  5 ball pythons
  8 bats
  4 frilled lizards
  20 kobolds
  A rat (D:2)
139 creatures vanquished.

Vanquished Creatures (others)
  A plant (D:4)
1 creature vanquished.

Grand Total: 140 creatures vanquished

Notes
Turn   | Place    | Note
-------+----------+-------------------------------------------
     0 | D:1      | MacCMillion the Demigod Hunter began the quest for the Orb.
     0 | D:1      | Reached XP level 1. HP: 17/17 MP: 3/3
    15 | D:1      | Reached skill level 1 in Stealth
   360 | D:1      | Reached XP level 2. HP: 24/24 MP: 4/4
  1071 | D:2      | Reached skill level 4 in Ranged Weapons
  1629 | D:2      | Reached XP level 3. HP: 29/29 MP: 5/5
  2348 | D:3      | Reached XP level 4. HP: 24/36 MP: 6/6
  2485 | D:3      | Reached skill level 5 in Ranged Weapons
  2584 | D:3      | Found a runed translucent door.
  2585 | D:3      | Noticed a bullfrog
  2586 | D:3      | Noticed dluga93's ghost (amateur OpFE)
  2643 | D:3      | Found Ficlem's General Store.
  2653 | D:3      | Bought a scroll of identify for 22 gold pieces
  3007 | D:4      | Found a staircase to the Ecumenical Temple.
  3153 | D:4      | Found a glowing drain.
  3167 | D:4      | Reached XP level 5. HP: 29/41 MP: 7/7
  3232 | Sewer    | Entered a sewer
  3293 | Sewer    | Noticed a water moccasin
  3306 | Sewer    | Killed a water moccasin
  3307 | Sewer    | Reached skill level 6 in Ranged Weapons
  3643 | D:4      | Found Hirghiaj's Antique Armour Shop.
  4110 | D:5      | Entered Level 5 of the Dungeon
  4275 | D:5      | Reached XP level 6. HP: 27/48 MP: 8/8
  4293 | D:5      | Reached skill level 7 in Ranged Weapons
  4934 | D:5      | Reached skill level 8 in Ranged Weapons
  4934 | D:5      | Reached XP level 7. HP: 48/53 MP: 9/9
  6471 | D:6      | Reached skill level 9 in Ranged Weapons
  6930 | D:6      | Reached XP level 8. HP: 12/60 MP: 10/10
  7541 | D:6      | Reached skill level 10 in Ranged Weapons
  8403 | D:6      | Slain by an ogre

Illustrated notes

Levels and vault maps discovered:
D:1:      eino_arrival_tree_alley, layout_basic
D:2:      layout_basic, shapermc_ecumenical_altar_starsandcircs
D:3:      layout_loops_ring, ebering_ghost_sewer_d, serial_shops,
          nicolae_square_shop
D:4:      layout_loops_ring, nicolae_elyvilon_temple_path,
          minmay_temple_entry_fiery, serial_shops, nicolae_square_shop,
          portal_sewer_entry_f
D:5:      layout_basic, nicolae_sif_muna_condensation
D:6:      layout_basic

Skill      XL: |  1  2  3  4  5  6  7  8 |
---------------+-------------------------+-----
Stealth        | 1 2 |  2.0
Ranged Weapons | 4 5 6 8 9 10 | 10.3
Fighting       | 2 |  2.5
Dodging        | 2 |  2.5

Action                     |  1- 3 |  4- 6 |  7- 9 || total
---------------------------+-------+-------+-------++-------
   Fire: Shortbow          |   119 |   186 |   174 ||   479
    Use: Scroll            |       |     6 |     4 ||    10
         Potion            |       |     1 |     3 ||     4
 Armour: Leather armour    |     7 |    23 |    18 ||    48
  Dodge: Dodged            |    25 |    53 |    51 ||   129

Table legend: (Time is in decaauts)
 A = Elapsed time spent in this place.
 B = Non-inter-level travel time spent in this place.
 C = Inter-level travel time spent in this place.
 D = Time resting spent in this place.
 E = Time spent auto-exploring this place.
 F = Levels seen in this place.
 G = Mean time per level.
                   A        B        C        D        E       F      G
               +--------+--------+--------+--------+--------+-----+--------+
         Total |   8525 |   8293 |    232 |   2931 |   4125 |   7 | 1217.9 |
       Dungeon |   8259 |   8027 |    232 |   2793 |   4064 |   6 | 1376.5 |
         Sewer |    266 |    266 |      0 |    138 |     61 |   1 |  266.0 |
               +--------+--------+--------+--------+--------+-----+--------+

Top non-repeatable levels by time:
     D:5: 2456 daAuts
     D:6: 1876 daAuts
     D:2: 1223 daAuts
     D:1: 990 daAuts
     D:4: 923 daAuts
     D:3: 789 daAuts
   Sewer: 266 daAuts
